Map: New Repugnancy LE

Players

Mez - Winner!

  • Race: Terran Terran
  • League: Master
  • Spawn Location: 1:00

IIIIIIIIIIII

  • Race: Protoss Protoss
  • League: Master
  • Spawn Location: 7:00

VOD

Have the link to the VOD?

Description

Time

  • Played on: Aug. 5, 2019, 8:09 a.m.
  • Length: 12:48
Show
View Real Time Build Order
Export as new Build Order

Mez Terran - Winner!

Build Orders:  

Get SALT Encoding   

  12  0:00  SCV  
  13  0:13  SCV  
  14  0:17  Supply Depot  
  14  0:25  SCV  
  15  0:38  SCV  
  15  0:40  Barracks  
  16  0:47  Refinery  
  16  0:50  SCV  
  17  1:07  SCV  
  18  1:19  SCV  
  20  1:32  Reaper  
  20  1:33  Orbital Command  
  20  1:45  Command Center  
  20  1:58  SCV  
  20  1:59  Supply Depot  
  21  2:05  Barracks Reactor  
  21  2:11  SCV  
  22  2:24  SCV  
  23  2:31  Command Center  
  23  2:37  SCV  
  24  2:40  Barracks  
  24  2:43  Marine x2  
  26  2:49  SCV  
  27  2:56  Engineering Bay  
  27  3:03  Orbital Command  
  27  3:04  Marine  
  27  3:05  Marine  
  29  3:06  SCV  
  30  3:18  SCV  
  31  3:23  Marine x2  
  33  3:30  SCV  
  33  3:31  SCV, Barracks Tech Lab  
  33  3:32  Bunker  
  35  3:35  Terran Infantry Weapons Level 1  
  35  3:43  SCV  
  35  3:44  SCV, Orbital Command  
  35  3:46  Marine  
  38  3:55  SCV  
  39  4:01  Marine x2  
  41  4:04  Stimpack, SCV  
  41  4:07  SCV  
  43  4:13  Refinery  
  43  4:14  Refinery  
  43  4:16  Marine  
  44  4:17  SCV x2  
  44  4:19  Marine  
  44  4:23  SCV  
  50  4:25  Marine  
  50  4:29  Factory, SCV x2  
  51  4:35  SCV  
  51  4:37  Marine  
  53  4:39  Marine  
  53  4:41  SCV x2  
  53  4:43  Marauder  
  58  4:50  SCV  
  58  4:53  SCV x2  
  58  4:56  Marine  
  58  4:57  Barracks x2  
  58  4:58  Barracks  
  58  4:59  Orbital Command  
  61  5:14  Supply Depot x2  
  61  5:15  Supply Depot  
  61  5:17  Engineering Bay, Armory, Starport, Factory Reactor  
  61  5:34  Terran Infantry Armor Level 1  
  61  5:35  SCV x3, Marine  
  65  5:42  Marine, Marauder, Supply Depot  
  68  5:43  Supply Depot x2  
  68  5:47  Barracks Reactor, SCV x2, Barracks Tech Lab x2  
  68  5:49  SCV  
  71  5:59  Bunker  
  71  6:00  SCV  
  71  6:03  Supply Depot  
  72  6:04  SCV  
  72  6:05  SCV  
  72  6:06  Marine x2, Supply Depot  
  72  6:07  Combat Shield  
  72  6:10  Marauder x3  
  82  6:15  Refinery, SCV  
  82  6:17  SCV x2  
  85  6:22  Refinery  
  85  6:27  SCV  
  85  6:28  Marine x3  
  85  6:29  SCV x2  
  91  6:33  Terran Infantry Weapons Level 2  
  91  6:36  Barracks x2  
  91  6:38  Barracks  
  91  6:39  SCV  
  92  6:40  Marine  
  92  6:41  SCV x2, Marauder  
  97  6:48  Missile Turret  
  97  6:51  SCV  
  97  6:53  SCV  
  99  6:55  Marine  
  99  6:56  Missile Turret, Marine x2, Supply Depot  
  99  6:57  Supply Depot  
  99  6:58  Missile Turret, Medivac  
  99  6:59  Medivac  
  106  7:04  SCV  
  106  7:07  Marauder x2  
  111  7:10  Missile Turret  
  111  7:14  Missile Turret  
  111  7:15  Marine, Marauder  
  114  7:17  SCV x3  
  114  7:22  Refinery  
  117  7:24  Marine x3, Barracks Tech Lab x2  
  117  7:28  Marauder  
  122  7:39  Marauder x2, Barracks Tech Lab  
  122  7:40  Medivac x2  
  129  7:49  Marine x3, Marauder x2  
  129  7:50  Supply Depot  
  135  7:52  Terran Infantry Armor Level 2  
  135  7:56  Marauder  
  137  8:01  Marauder  
  137  8:02  Marauder  
  137  8:04  Barracks x2  
  141  8:07  Supply Depot  
  141  8:08  Supply Depot  
  141  8:10  Marine  
  141  8:11  Marauder  
  144  8:13  Supply Depot  
  144  8:15  Ghost Academy, Supply Depot  
  144  8:18  Marine, Marauder x2  
  149  8:26  Supply Depot  
  149  8:31  Marine x4, Marauder x2  
  119  8:56  Marine x7, Marauder  
  119  8:59  Medivac x2  
  130  9:04  Marauder x4  
  138  9:13  Marine  
  138  9:14  Marine x2  
  138  9:17  Supply Depot  
  141  9:19  Marine x3  
  141  9:20  Marine x2  
  141  9:23  Terran Vehicle And Ship Armor Level 1  
  146  9:24  Terran Infantry Weapons Level 3, Marine  
  146  9:25  Marine x2  
  146  9:29  Medivac  
  151  9:35  Ghost  
  151  9:37  Ghost x2  
  151  9:38  Marine x2  
  158  9:41  Medivac  
  158  9:42  Ghost  
  151  9:57  Marine  
  151  9:58  Marine x6  
  151  9:59  Ghost  
  160  10:01  Medivac  
  160  10:03  Supply Depot  
  160  10:04  Ghost  
  160  10:06  Ghost  
  166  10:07  Marine  
  166  10:11  Marine  
  168  10:15  Marine, Command Center  
  168  10:17  Marine x3  
  168  10:21  Barracks Tech Lab  
  173  10:22  Barracks Tech Lab  
  173  10:24  Barracks Reactor  
  172  10:33  Medivac x2  
  172  10:35  Marine, Marauder x4  
  184  10:39  Sensor Tower  
  185  10:52  Marine x3, Marauder x2  
  185  10:54  Command Center  
  186  11:11  Ghost x3  
  186  11:12  Marine  
  190  11:24  Ghost x3  
  190  11:25  Ghost, Marine x2  
  185  11:48  Marine x6  
  185  11:49  Marauder  
  192  12:00  Marine, Marauder x2  
  185  12:01  Medivac  
  185  12:02  Medivac  
  185  12:07  Marine, Marauder x2  
  174  12:29  Marine x13  
Show
View Real Time Build Order
Export as new Build Order

IIIIIIIIIIII Protoss 

Build Orders: 1 Gate Expand, Blink Stalkers 

Get SALT Encoding   

  12  0:01  Probe  
  13  0:13  Probe  
  14  0:17  Pylon  
  14  0:25  Probe  
  15  0:33  Probe  
  15  0:39  Gateway  
  15  0:41  Probe  
  16  0:49  Assimilator  
  17  0:52  Probe  
  18  1:09  Probe  
  19  1:24  Nexus  
  19  1:35  Cybernetics Core  
  19  1:36  Probe  
  20  1:44  Probe  
  20  1:49  Pylon  
  20  1:53  Probe  
  21  1:58  Assimilator  
  22  2:02  Stalker  
  22  2:05  Probe  
  23  2:13  Warp Gate  
  25  2:17  Probe  
  26  2:26  Twilight Council  
  26  2:30  Probe  
  26  2:34  Probe  
  26  2:36  Blink  
  27  2:42  Probe x2  
  27  2:43  Stalker  
  32  2:52  Probe  
  32  2:55  Probe  
  34  3:04  Probe  
  35  3:07  Probe  
  36  3:13  Pylon  
  36  3:16  Probe  
  36  3:18  Stalker  
  36  3:19  Probe  
  40  3:28  Probe  
  40  3:31  Probe  
  40  3:33  Gateway  
  42  3:37  Gateway  
  42  3:41  Probe  
  42  3:43  Probe  
  42  3:46  Shield Battery  
  44  4:07  Probe x2  
  46  4:13  Stalker  
  48  4:17  Nexus  
  48  4:18  Pylon  
  48  4:19  Probe x2  
  50  4:27  Gateway  
  50  4:31  Gateway  
  50  4:34  Pylon  
  50  4:35  Charge  
  50  4:39  Probe x2  
  50  4:42  Protoss Ground Armor Level 1  
  50  4:44  Forge  
  52  4:46  Pylon  
  52  4:49  Sentry  
  52  4:50  Zealot x2  
  58  4:57  Probe x2  
  60  5:08  Gateway x2  
  60  5:10  Pylon  
  60  5:16  Probe x2  
  60  5:20  Forge  
  62  5:29  Zealot  
  62  5:30  Zealot x2  
  62  5:31  Zealot  
  62  5:34  Zealot  
  72  5:36  Probe  
  72  5:37  Probe  
  72  5:39  Probe  
  75  5:49  Protoss Ground Weapons Level 1  
  75  5:50  Probe x2  
  75  5:51  Probe  
  75  5:52  Pylon  
  78  5:57  Templar Archives  
  78  5:58  Gateway  
  78  6:02  Shield Battery  
  78  6:04  Stalker x2  
  80  6:06  Stalker  
  80  6:09  Probe x2  
  80  6:10  Probe  
  87  6:13  Stalker  
  89  6:26  Zealot x2  
  89  6:27  Zealot x2  
  89  6:28  Zealot  
  89  6:29  Zealot  
  101  6:39  Assimilator  
  101  6:41  Assimilator, Probe x2  
  101  6:42  Probe, Assimilator  
  101  6:45  Assimilator  
  104  6:53  Probe x2  
  104  6:54  Probe  
  107  7:06  Probe x2, Pylon  
  109  7:11  Pylon  
  109  7:12  Pylon  
  109  7:15  Pylon, Protoss Ground Armor Level 2  
  109  7:17  Pylon  
  109  7:20  Pylon  
  109  7:23  Pylon  
  109  7:24  Probe  
  109  7:27  Zealot, Pylon  
  109  7:28  Zealot x2  
  109  7:29  Protoss Ground Weapons Level 2  
  116  7:30  Pylon  
  116  7:32  Pylon  
  116  7:37  Zealot x4  
  116  7:38  Zealot  
  126  7:53  Stalker x3  
  132  8:01  Stalker x3  
  132  8:02  Stalker  
  132  8:05  Stalker  
  142  8:25  Nexus  
  142  8:34  Zealot  
  142  8:35  Zealot x7  
  116  8:58  Zealot x3  
  116  8:59  Zealot x5  
  126  9:08  Psionic Storm  
  126  9:21  High Templar x8  
  126  9:22  Pylon  
  126  9:23  Pylon  
  142  9:25  Archon x2, Assimilator, Pylon  
  142  9:26  Archon, Assimilator  
  142  9:27  Archon  
  142  9:42  Protoss Ground Armor Level 3  
  108  9:56  Zealot x6  
  108  9:57  Zealot x2  
  108  9:59  Probe x4  
  128  10:11  Probe x4  
  132  10:18  High Templar  
  132  10:19  High Templar x6  
  146  10:22  Zealot  
  148  10:34  Gateway  
  148  10:36  Gateway  
  148  10:38  Gateway x2  
  148  10:40  Gateway  
  148  10:43  Gateway  
  148  10:55  High Templar  
  148  10:56  High Templar x4  
  128  11:14  Zealot  
  128  11:15  Zealot x2  
  134  11:20  Archon  
  134  11:33  Zealot x3  
  134  11:34  Zealot x6  
  130  11:47  Zealot x4  
  130  11:48  Zealot  
  130  12:00  Zealot x9  
  140  12:11  High Templar x5  
  144  12:21  Archon x3  
  144  12:22  Archon  
  106  12:23  Zealot x9  
Tags
 
Add a new tag
Caveats
  • Supply blocks, unpowered buildings, or Contaminate may cause inaccurate times.
  • Supply counts are checked every 10 seconds.